 Dungeon Crawl Stone Soup version 0.21.1-1-g345015f (webtiles) character file.

186 lrcuk01 the Chopper (level 5, -3/48 HPs)
             Began as a Minotaur Berserker on Feb 5, 2018.
             Was a Believer of Trog.
             Killed by nerve-wracking pain
             ... invoked by Menkaure
              (8 damage)
             ... on level 3 of the Dungeon.
             The game lasted 00:31:52 (2479 turns).

lrcuk01 the Chopper (Minotaur Berserker)            Turns: 2479, Time: 00:31:53

Health: -3/48      AC:  8    Str: 21 (23) XL:     5   Next: 38%
Magic:  13/13      EV:  8    Int:  3 (4)  God:    Trog [**....]
Gold:   139        SH:  7    Dex:  6 (9)  Spells: 4/4 levels left

rFire    . . .     SeeInvis .   a - +0 hand axe
rCold    + . .     Gourm    .   i - +0 shield
rNeg     . . .     Faith    .   h - +0 ring mail
rPois    .         Spirit   .   (helmet restricted)
rElec    .         Reflect  .   (no cloak)
rCorr    .         Harm     +   e - +0 pair of gloves
MR       .....                  (no boots)
Stlth    ..........             y - amulet of harm
HPRegen  0.16/turn              v - ring of protection from cold
MPRegen  0.13/turn              A - ring of magical power

@: no status effects
A: retaliatory headbutt, horns 2, molten scales 1, MP-powered wands
a: Berserk, Trog's Hand, Burn Spellbooks, Renounce Religion


You were on level 3 of the Dungeon.
You worshipped Trog.
Trog was pleased with you.
You were near starving.

You visited 1 branch of the dungeon, and saw 4 of its levels.

You collected 139 gold pieces.

Inventory:

Hand Weapons
 a - a +0 hand axe (weapon)
 m - a +0 hunting sling
 n - a +2 quarterstaff of chaos
 p - a +0 mace
Missiles
 g - 71 sling bullets
 k - 83 stones (quivered)
 o - 22 bolts
Armour
 b - a +0 animal skin
 d - a +0 leather armour
 e - a +0 pair of gloves (worn)
 h - a +0 ring mail (worn)
 i - a +0 shield (worn)
 q - a +0 pair of gloves
 r - a +0 cloak
Jewellery
 v - a ring of protection from cold (left hand)
 y - an amulet of harm (around neck)
 A - a ring of magical power (right hand)
Potions
 f - a potion of cancellation
 s - a potion of mutation
 x - a potion of flight
Comestibles
 c - 13 rations


   Skills:
 + Level 5.0 Fighting
 + Level 5.1 Axes
 + Level 3.2 Armour
 + Level 3.2 Dodging
 + Level 0.1 Stealth
 + Level 1.2 Shields


You had 4 spell levels left.
You didn't know any spells.

Dungeon Overview and Level Annotations

Branches:
Dungeon (4/15)
 Temple: D:4-7

Altars:

Annotations:
D:3 Menkaure
D:4 Eustachio


Innate Abilities, Weirdness & Mutations

You reflexively headbutt those who attack you in melee.
You have a pair of horns on your head.
You are partially covered in molten scales. (AC +2)
You expend magic power (3 MP) to strengthen your wands.


Message History

Menkaure casts a spell at you.
You barely resist. Menkaure casts a spell at you.
Pain shoots through your body!
* * * LOW HITPOINT WARNING * * *
As you read the scroll of fog, it crumbles to dust.
The scroll dissolves into smoke.
Menkaure calls on the powers of darkness!
Your body is wracked with pain!
* * * LOW HITPOINT WARNING * * *
Menkaure calls on the powers of darkness!
Your body is wracked with pain!
* * * LOW HITPOINT WARNING * * *
Menkaure calls on the powers of darkness!
Your body is wracked with pain!
* * * LOW HITPOINT WARNING * * *
Menkaure shouts, "You disturbed my rest!
Die!"
Menkaure points at you and mumbles some strange words.
Pain shoots through your body!
You die...

..########........###......#
..##.............####......#
#)##.#.....................#
.....#<....................#
.....#.....................#
....................#....###
................###......#
#...............###......#
#...............@.M......#
....#..................###
.......................#####
..........#.....#..........#
.......##.......##.........#
##.....##.......##.........#
........#...#....#.........#
........#...#....#.........#
........#...#....#.........###


You could see Menkaure.

Vanquished Creatures
  A scorpion (D:3)
  Crazy Yiuf (D:2)
  A hound zombie (D:2)
  4 adders
  A dart slug (D:1)
  A leopard gecko (D:2)
  5 orcs (D:3)
  A ball python (D:3)
  3 giant cockroaches
  7 goblins
  4 hobgoblins
  2 jackals (D:3)
  2 quokkas
  5 bats
  2 frilled lizards
  6 kobolds
  2 rats (D:1)
48 creatures vanquished.

Notes
Turn   | Place    | Note
-------+----------+-------------------------------------------
     0 | D:1      | lrcuk01 the Minotaur Berserker began the quest for the Orb.
     0 | D:1      | Reached XP level 1. HP: 19/19 MP: 0/0
   189 | D:1      | Reached XP level 2. HP: 23/27 MP: 1/1
   803 | D:2      | Gained mutation: You are partially covered in thin metallic scales. (AC +2) [potion of mutation]
   803 | D:2      | Gained mutation: You are mostly covered in thin metallic scales. (AC +3) [potion of mutation]
   888 | D:2      | Reached XP level 3. HP: 32/34 MP: 2/2
  1139 | D:2      | Lost mutation: You are mostly covered in thin metallic scales. (AC +3) [potion of mutation]
  1139 | D:2      | Lost mutation: You are partially covered in thin metallic scales. (AC +2) [potion of mutation]
  1139 | D:2      | Gained mutation: You expend magic power (3 MP) to strengthen your wands. [potion of mutation]
  1139 | D:2      | Gained mutation: You are partially covered in molten scales. (AC +2) [potion of mutation]
  1328 | D:2      | Reached XP level 4. HP: 33/41 MP: 3/3
  1428 | D:2      | Found a runed door.
  1432 | D:2      | Noticed Crazy Yiuf
  1440 | D:2      | Killed Crazy Yiuf
  1547 | D:3      | Reached ** piety under Trog
  1567 | D:3      | Reached skill level 5 in Fighting
  1567 | D:3      | Reached skill level 5 in Axes
  1567 | D:3      | Reached skill level 1 in Shields
  1567 | D:3      | Reached XP level 5. HP: 18/48 MP: 4/4
  2393 | D:4      | Noticed Menkaure
  2393 | D:4      | Noticed Eustachio
  2479 | D:3      | Killed from afar by Menkaure

Skill      XL: |  1  2  3  4 |
---------------+-------------+-----
Axes           | 4 5 |  5.1
Fighting       | 4 5 |  5.0
Armour         | 3 |  3.2
Dodging        | 3 |  3.2
Shields        | 1 |  1.2
Stealth        | |  0.1

Action                   |  1- 3 |  4- 6 || total
-------------------------+-------+-------++-------
Melee: Hand axe          |    65 |    85 ||   150
       Headbutt          |     9 |    20 ||    29
Throw: Stone             |     1 |       ||     1
Invok: Berserk           |     1 |     1 ||     2
  Use: Potion            |     7 |     2 ||     9
       Scroll            |     6 |     7 ||    13
  Eat: Chunk             |     2 |     3 ||     5
Armor: Animal skin       |     2 |       ||     2
       Ring mail         |    11 |    20 ||    31
Dodge: Dodged            |    26 |    28 ||    54
Block: Shield            |    19 |    34 ||    53
